Map: King's Cove LE

Players

Smileblind - Winner!

  • Race: Protoss Protoss
  • League: Silver
  • Spawn Location: 11:00

VOD

Have the link to the VOD?

Description

Time

  • Played on: Feb. 4, 2019, 11:19 a.m.
  • Length: 14:51
Show
View Real Time Build Order
Export as new Build Order

Smileblind Protoss - Winner!

Build Orders:  

Get SALT Encoding   

  12  0:00  Probe (Chrono Boost)  
  13  0:12  Probe (Chrono Boost)  
  14  0:31  Pylon  
  14  0:33  Probe (Chrono Boost)  
  15  0:58  Probe (Chrono Boost)  
  16  1:03  Gateway  
  16  1:15  Probe (Chrono Boost)  
  17  1:30  Forge  
  17  1:32  Probe (Chrono Boost)  
  18  1:43  Assimilator  
  18  1:49  Probe (Chrono Boost)  
  19  2:04  Gateway  
  19  2:06  Probe (Chrono Boost)  
  20  2:13  Zealot  
  22  2:23  Probe (Chrono Boost)  
  23  2:31  Pylon  
  23  2:48  Cybernetics Core  
  23  2:59  Probe (Chrono Boost)  
  24  3:15  Pylon  
  24  3:16  Probe (Chrono Boost)  
  25  3:32  Zealot  
  25  3:33  Probe (Chrono Boost)  
  25  3:35  Zealot  
  30  3:52  Nexus  
  30  3:53  Probe (Chrono Boost)  
  32  4:10  Probe (Chrono Boost)  
  32  4:15  Twilight Council  
  32  4:23  Zealot  
  32  4:26  Sentry  
  36  4:36  Pylon  
  36  4:40  Protoss Ground Weapons Level 1  
  36  4:41  Probe (Chrono Boost)  
  37  4:52  Probe (Chrono Boost)  
  38  5:02  Zealot  
  38  5:04  Probe (Chrono Boost)  
  41  5:20  Assimilator  
  41  5:30  Pylon  
  41  5:35  Probe (Chrono Boost)  
  42  5:52  Probe (Chrono Boost)  
  43  6:02  Gateway  
  43  6:04  Gateway  
  43  6:05  Probe (Chrono Boost)  
  45  6:11  Probe (Chrono Boost)  
  45  6:17  Probe (Chrono Boost)  
  45  6:28  Probe (Chrono Boost)  
  45  6:29  Probe (Chrono Boost)  
  47  6:38  Charge, Zealot  
  50  6:44  Probe (Chrono Boost)  
  50  6:45  Stalker  
  50  6:46  Probe (Chrono Boost)  
  55  7:01  Protoss Ground Weapons Level 2, Probe (Chrono Boost)  
  55  7:03  Probe (Chrono Boost)  
  56  7:18  Probe (Chrono Boost)  
  58  7:20  Probe (Chrono Boost)  
  58  7:29  Pylon  
  58  7:32  Warp Gate, Pylon  
  58  7:35  Probe (Chrono Boost)  
  58  7:36  Pylon  
  58  7:38  Zealot x2  
  63  7:53  Nexus  
  63  8:01  Robotics Facility  
  63  8:14  Gateway  
  63  8:16  Zealot x2  
  63  8:17  Gateway  
  67  8:24  Probe x2 (Chrono Boost)  
  71  8:41  Probe x2 (Chrono Boost)  
  71  8:58  Probe x2 (Chrono Boost)  
  73  9:02  Stalker  
  73  9:09  Zealot x2  
  79  9:10  Pylon  
  79  9:13  Pylon  
  79  9:14  Warp Prism, Probe (Chrono Boost)  
  79  9:15  Probe (Chrono Boost)  
  79  9:16  Pylon  
  81  9:22  Pylon  
  84  9:30  Pylon  
  84  9:31  Probe (Chrono Boost)  
  84  9:32  Probe (Chrono Boost)  
  84  9:37  Probe (Chrono Boost)  
  85  9:48  Probe (Chrono Boost)  
  85  9:49  Probe x2 (Chrono Boost)  
  89  10:02  Probe (Chrono Boost)  
  89  10:08  Immortal  
  89  10:09  Pylon  
  94  10:14  Pylon  
  94  10:15  Zealot  
  94  10:16  Zealot x2  
  94  10:17  Pylon  
  94  10:19  Probe (Chrono Boost)  
  101  10:20  Gateway  
  101  10:25  Zealot x3  
  107  10:36  Probe (Chrono Boost)  
  108  10:50  Pylon  
  108  10:54  Pylon  
  108  10:56  Zealot x2  
  108  10:57  Pylon, Zealot x2  
  112  11:10  Gateway  
  112  11:15  Zealot  
  112  11:16  Gateway, Zealot  
  102  11:26  Zealot x3  
  102  11:27  Zealot  
  88  11:40  Zealot  
  88  11:44  Zealot  
  88  11:45  Zealot  
  80  12:05  Zealot  
  80  12:06  Zealot x3  
  78  12:34  Zealot  
  78  12:35  Zealot x4  
  78  12:36  Zealot x2  
  88  13:15  Zealot  
  90  13:21  Zealot x2  
  94  13:30  Pylon  
  94  13:31  Pylon  
  94  13:34  Zealot  
  94  13:35  Zealot x3  
  94  13:36  Pylon, Zealot  
  94  13:39  Pylon  
  104  13:42  Pylon  
  98  14:34  Zealot x2  
  98  14:35  Zealot x4  
  98  14:36  Zealot  
Tags
 
Add a new tag
Caveats
  • Supply blocks, unpowered buildings, or Contaminate may cause inaccurate times.
  • Supply counts are checked every 10 seconds.